Match 41978987
Unlisted

Match 41978987
End
Panzergrenadier Squad
Panzergrenadier Squad
250 Light Carrier
Construct Light Support Kompanie
MG34 Team
Fire Support Elements
Veteran Squad Leaders
Flakvierling Half-track
2.5-tonne Medical Truck
Panzerjäger Mechanized Group
Construct Panzerarmee Kommand
Pak 38 Anti-tank Gun Team
Armored Reserves
Selects Italian Infantry
Selects Guastatori Squad
Selects Registered Artillery
Selects Towed Cannone da 105/28 Field Howitzer
Towed Cannone da 105/28 Field Howitzer
Registered Artillery
Forward Retreat Point
Registered Artillery
BaronVonKieselberg
Eplestilk
iExploze
MULAC2
STALKER4732
SoyaLors
kit.ohume
Devochkin
0
0

Comments sign in to comment!

No comments posted yet!